 Dungeon Crawl Stone Soup version 0.28.0 (webtiles) character file.

Game seed: 257234189889367918

1253 lonewolfV2 the Ruffian (level 8, 0/78 HPs)
             Began as a Troll Fighter on Feb 9, 2022.
             Was an Initiate of Yredelemnul.
             Succumbed to a scorpion's poison
             ... on level 5 of the Dungeon.
             The game lasted 00:09:54 (4830 turns).

lonewolfV2 the Ruffian (Troll Fighter)              Turns: 4830, Time: 00:09:55

Health: 0/78       AC:  4    Str: 33    XL:     8   Next: 26%
Magic:  7/7        EV:  9    Int:  4    God:    Yredelemnul [......]
Gold:   208        SH:  7    Dex:  7    Spells: 7/7 levels left

rFire   . . .      SeeInvis +   l - +4 spear "Tudd" {venom, +Blink rElec Str+2 Dex-4}
rCold   . . .      Faith    .   b - +0 kite shield
rNeg    . . .      Spirit   .   a - +0 robe
rPois   .          Reflect  .   (helmet restricted)
rElec   +          Harm     .   (no cloak)
rCorr   .          Rampage  .   (gloves unavailable)
Will    .....                   (boots unavailable)
Stlth   +.........              (no amulet)
HPRegen 1.03/turn               h - +6 ring of strength
MPRegen 0.10/turn               q - ring of see invisible

@: mighty, lethally poisoned (0 -> -1), hasted and slowed, studying Long Blades
A: large, unfitting armour, claws 3, regeneration 1, shaggy fur 1, tough skin 1
a: Renounce Religion, Evoke Blink, Recall Undead Harvest


You were on level 5 of the Dungeon.
You worshipped Yredelemnul.
Yredelemnul was noncommittal.
You visited 1 branch of the dungeon, and saw 5 of its levels.

You collected 208 gold pieces.

Inventory:

Hand Weapons
 l - the +4 spear "Tudd" (weapon) {venom, +Blink rElec Str+2 Dex-4}
   (You found it on level 2 of the Dungeon)

   It poisons the flesh of those it strikes.
   Str:       It affects your strength (+2).
   Dex:       It affects your dexterity (-4).
   rElec:     It insulates you from electricity.
   +Blink:    It lets you blink.
 o - the +2 hand axe "Muge" {holy, rN++ Str+4 Stlth+}
   (You took it off an orc on level 3 of the Dungeon)

   It has been blessed by the Shining One to cause great damage to the undead
   and demons.
   Str:       It affects your strength (+4).
   rN:        It greatly protects you from negative energy.
   Stlth:     It makes you more stealthy.
   Yredelemnul disapproves of the use of such an item.
Missiles
 k - a throwing net (quivered)
Armour
 a - a +0 robe (worn)
 b - a +0 kite shield (worn)
Jewellery
 h - a +6 ring of strength (left claw)
 n - a ring of ice
 q - a ring of see invisible (right claw)
 u - a +4 ring of slaying
Wands
 p - a wand of iceblast (11)
 t - a wand of digging (4)
Scrolls
 r - 4 scrolls of identify
Potions
 d - a potion of attraction
 e - 2 potions of degeneration
 f - 2 potions of flight
 g - 2 potions of haste
 i - 2 potions of brilliance
 j - a potion of magic


   Skills:
 + Level 3.9 Fighting
 + Level 1.5(2.4) Axes
 + Level 2.9(3.1) Polearms
 + Level 4.5 Dodging
 + Level 1.4 Stealth
 + Level 4.2 Shields
 + Level 4.6 Unarmed Combat


You had 7 spell levels left.
You didn't know any spells.
Your spell library contained the following spells:

 Spells                   Type           Power      Damage    Failure   Level
 Slow                     Hex            0%         N/A       78%         1
 Sting                    Tmut/Pois      0%         1d3       78%         1
 Corpse Rot               Necr/Air       0%         N/A       89%         2
 Passwall                 Tmut/Erth      0%         N/A       89%         2
 Confusing Touch          Hex            0%         N/A       98%         3
 Vampiric Draining        Necr           0%         2d6       98%         3
 Dispel Undead            Necr           0%         3d6       100%        4
 Alistair's Intoxication  Tmut/Pois      0%         N/A       100%        5
 Irradiate                Conj/Tmut      0%         3d13      100%        5
 Malign Gateway           Summ/Tloc      0%         N/A       100%        7
 Death Channel            Necr           Unusable   N/A       N/A         6

Dungeon Overview and Level Annotations

Branches:
Dungeon (5/15)
 Temple: D:4-7

Altars:
Elyvilon
Okawaru
Qazlal
Yredelemnul
Beogh


Innate Abilities, Weirdness & Mutations

You are too large for most types of armour.
You have claws for hands.
Your natural rate of healing is unusually fast.
You are covered in fur. (AC +1)
You have tough skin. (AC +1)


Message History

You hit the shadow wraith.
The shadow wraith is lightly damaged.
You feel very sick.
The shadow wraith hits you but does no damage.
You block the scorpion's attack. The shadow wraith closely misses you.
You hit the shadow wraith but do no damage.
The shadow wraith is lightly damaged.
You feel very sick. The scorpion stings you! The shadow wraith hits you.
You hit the shadow wraith but do no damage.
The shadow wraith is lightly damaged.
You feel sick. The scorpion stings you.
You are more poisoned.
The scorpion poisons you! The shadow wraith hits you.
The shadow wraith drains your vigour!
You feel yourself slow down.
The scorpion stings you but does no damage.
You feel much better.
You feel very sick. You block the scorpion's attack.
The shadow wraith closely misses you.
You feel very mighty all of a sudden.
You feel very sick. The scorpion stings you. The shadow wraith hits you!
The shadow wraith drains your vigour!
You feel as though you will be slow longer.
The scorpion stings you but does no damage.
The shadow wraith hits you. The shadow wraith drains your vigour!
You feel as though you will be slow longer.
You puncture the scorpion!
The scorpion is poisoned.
The scorpion is severely wounded.
You feel very sick.
You kill the scorpion!
A black mist starts to gather...
The shadow wraith hits you.
You feel sick. The shadow wraith hits you!!
* * * LOW HITPOINT WARNING * * *
Unknown command.
Okay, then.
Okay, then.
You feel yourself speed up.
You die...
Your body rises from the dead as a mindless zombie.

#####........####.#.###
#............+........##
#.###...[....####...#.†.
.. ###...#### ##..#...
#.. #.### #.>.... #. #.#
####... # #.# #... #W#
#... #@# #^.. #Z# ####
#.# #.. ... ##.# .+ ##


You could see a shadow wraith (invisible) and a friendly scorpion zombie.

Vanquished Creatures
  Grinder (D:3)
  Sigmund (D:2)
  The ghost of js333 the Conjurer, an amateur DECj of Cheibriados (D:3)
  An ice beast (D:5)
  An ogre (D:3)
  A phantom (D:3)
  A scorpion (D:5)
  2 bullfrog zombies
  2 hounds
  2 iguanas
  2 orc wizards
  A hound zombie (D:5)
  Robin (D:2)
  7 gnolls
  3 adders
  A shadow imp (D:3)
  A white imp (D:5)
  An ufetubus (D:5)
  A worm (D:3)
  3 dart slugs
  10 orcs
  13 ball pythons
  6 endoplasms
  7 giant cockroaches
  14 goblins
  9 hobgoblins
  10 jackals
  4 quokkas
  8 bats
  3 frilled lizards
  8 rats
126 creatures vanquished.

Notes
Turn   | Place    | Note
-------+----------+-------------------------------------------
     0 | D:1      | lonewolfV2 the Troll Fighter began the quest for the Orb.
     0 | D:1      | Reached XP level 1. HP: 22/22 MP: 0/0
   168 | D:1      | Reached XP level 2. HP: 22/29 MP: 1/1
   369 | D:1      | Reached XP level 3. HP: 36/36 MP: 2/2
   986 | D:2      | Found an iron altar of Okawaru.
  1066 | D:2      | Noticed Sigmund
  1077 | D:2      | Killed Sigmund
  1078 | D:2      | Reached XP level 4. HP: 32/44 MP: 3/3
  1078 | D:2      | Reached XP level 5. HP: 38/52 MP: 4/4
  1466 | D:2      | Noticed Robin
  1475 | D:2      | Identified the +4 spear "Tudd" {venom, +Blink rElec Str+2
                  | Dex-4}
  1491 | D:2      | Killed Robin
  1492 | D:2      | Reached XP level 6. HP: 52/59 MP: 5/5
  1878 | D:2      | Identified a scroll of acquirement
  1878 | D:2      | Acquired a manual of Long Blades
  2444 | D:3      | Found a runed translucent gate.
  2444 | D:3      | Noticed js333's ghost (amateur DECj)
  2445 | D:3      | Found a runed translucent gate.
  2484 | D:3      | Noticed Grinder
  2486 | D:3      | Paralysed by Grinder for 7 turns
  2495 | D:3      | Paralysed by Grinder for 3 turns
  2504 | D:3      | Killed Grinder
  2505 | D:3      | Reached skill level 1 in Polearms
  2505 | D:3      | Reached XP level 7. HP: 56/67 MP: 6/6
  2684 | D:3      | Reached skill level 1 in Stealth
  2738 | D:3      | Found a stormy altar of Qazlal.
  3010 | D:3      | Found a runed translucent gate.
  3011 | D:3      | Identified the +2 hand axe "Muge" {holy, rN++ Str+4 Stlth+}
  3011 | D:3      | Identified the +4 scale mail of the Monk {Regen+ Int-5
                  | SInv}
  3095 | D:3      | Killed js333's ghost
  3560 | D:4      | Identified the +2 spear of the Silent Majority {flame, rF++
                  | Dex-2}
  3920 | D:4      | Got the Handbook of Creative Moulding
  4344 | D:5      | Entered Level 5 of the Dungeon
  4382 | D:5      | Reached XP level 8. HP: 65/78 MP: 7/7
  4538 | D:5      | Reached skill level 1 in Axes
  4625 | D:5      | Found a white marble altar of Elyvilon.
  4675 | D:5      | Found a basalt altar of Yredelemnul.
  4685 | D:5      | Became a worshipper of Yredelemnul the Dark
  4819 | D:5      | Noticed a shadow wraith
  4829 | D:5      | HP: 1/78 [shadow wraith[the anger of Yredelemnul] (24)]
  4830 | D:5      | Succumbed to a scorpion's poison

Illustrated notes

Levels and vault maps discovered:
D:1:      shiori_arrival_maze, layout_basic, minivault_11
D:2:      layout_basic, basic_altar, uniq_robin, uniq_sigmund
D:3:      layout_basic, grunt_qazlal_sundering, biasface_ghost_orc_armoury,
          uniq_grinder
D:4:      nicolae_cairo_tiling, layout_cave_pods,
          hangedman_abyss_or_decor_passed, wad_floor_pattern_untrapped,
          minmay_between
D:5:      cheibrodos_quashed, layout_basic, kennysheep_ying_yang,
          minmay_statues_item, minmay_ogre_servants

Skill      XL: |  1  2  3  4  5  6  7  8 |
---------------+-------------------------+-----
Dodging        | 3 4 |  4.5
Shields        | 3 4 |  4.2
Unarmed Combat | 3 4 |  4.6
Fighting       | 3 |  3.9
Polearms       | 1 2 |  2.9
Stealth        | 1 |  1.4
Axes           | 1 |  1.5

Action                   |  1- 3 |  4- 6 |  7- 9 || total
-------------------------+-------+-------+-------++-------
Melee: Unarmed           |   136 |    43 |       ||   179
       Spear             |       |    77 |    52 ||   129
       Hand axe          |       |       |    75 ||    75
  Use: Scroll            |     5 |     6 |     5 ||    16
       Potion            |       |       |     6 ||     6
 Stab: Sleeping          |     2 |       |     3 ||     5
Armor: Robe              |    86 |    51 |    27 ||   164
Dodge: Dodged            |   104 |    64 |    64 ||   232
Block: Kite shield       |    75 |    52 |    53 ||   180
